[Event "Team 45 45 League T44"]
[Site "Internet Chess Club"]
[Date "2010.03.27"]
[Round "8"]
[White "fishhead"]
[Black "zachi"]
[Result "0-1"]
[WhiteElo "1935"]
[BlackElo "1955"]
[Opening "Caro-Kann: two knights, 3...Bg4"]
[ECO "B10"]
[Time "13:03:54"]
[TimeControl "2700+45"]

1. e4 c6 2. Nf3 d5 3. Nc3 Bg4 4. h3 Bxf3 5. Qxf3 Nf6 6. e5 Nfd7 7. d4 e6 8. Bf4
c5 9. dxc5 Nc6 10. Qg3 Nxc5 11. O-O-O Qa5 12. Kb1 O-O-O 13. Nb5 Ne4 14. Qf3 a6
15. Nc3 Bc5 16. Nxe4 dxe4 17. Rxd8+ Rxd8 18. Qxe4 Rd1+ 19. Bc1 Qd2 20. Qxc6+
bxc6 21. Bxa6+ Kc7 22. Rxd1 Qxd1 {White resigns} 0-1

[Event "Team 45 45 League T44"]
[Site "Internet Chess Club"]
[Date "2010.03.27"]
[Round "8"]
[White "mfeatherston"]
[Black "tigereye"]
[Result "1-0"]
[WhiteElo "1950"]
[BlackElo "1804"]
[Opening "Scotch gambit: Dubois-Réti defense"]
[ECO "C55"]
[Time "15:00:21"]
[TimeControl "2700+45"]

1. e4 e5 2. Nf3 Nc6 3. d4 exd4 4. Bc4 Nf6 5. e5 d5 6. Bb5 Ne4 7. Nxd4 Bd7 8.
Bxc6 bxc6 9. O-O Bc5 10. f3 Ng5 11. f4 Ne4 12. Be3 O-O 13. Nd2 Nxd2 14. Qxd2 Qe7
15. Nb3 Bb6 16. Rae1 f6 17. e6 Bc8 18. f5 Bb7 19. Qc3 Rfd8 20. a4 a5 21. Rf4 Qd6
22. Rg4 Kh8 23. Kh1 Re8 24. Nc5 Bc8 25. Bd4 Qe7 26. Nb3 Bb7 27. Bc5 Qd8 28. Qg3
Rg8 29. e7 Qd7 30. Re6 Bc8 31. Rxg7 Rxg7 32. e8=Q+ Rg8 {Black resigns} 1-0

[Event "Team 45 45 League T44"]
[Site "Internet Chess Club"]
[Date "2010.03.28"]
[Round "8"]
[White "CREDITorDEBIT"]
[Black "Grenadier"]
[Result "1-0"]
[WhiteElo "1676"]
[BlackElo "1665"]
[Opening "King's pawn opening"]
[ECO "B07"]
[Time "20:00:13"]
[TimeControl "2700+45"]

1. e4 d6 2. Nf3 Nf6 3. Nc3 g6 4. Bc4 Bg4 5. d4 Bg7 6. h3 Bxf3 7. Qxf3 O-O 8. e5
dxe5 9. dxe5 Ne8 10. Qxb7 Nd7 11. e6 Nd6 12. exf7+ Kh8 13. Qa6 Nxc4 14. Qxc4 Ne5
15. Qe4 Rxf7 16. Bf4 Nc6 17. Rd1 Qe8 18. Bxc7 Rc8 19. Bg3 Na5 20. Be5 Nc4 21.
Bxg7+ Kxg7 22. Nd5 Nd6 23. Qe5+ Kg8 24. Ne3 Qa4 25. Qe6 Qb4+ 26. c3 Qxb2 27.
Rxd6 Qxf2+ 28. Kd1 Rxc3 29. Rd8+ Kg7 30. Qe5+ Qf6 31. Qxf6+ exf6 32. Kd2 Ra3 33.
Ra1 Rb7 34. Nc4 Rg3 35. Rg1 a5 36. Rd3 Rg5 37. Kc3 Rc7 38. g3 h5 39. Rgd1 Kh6
40. Rf1 Kg7 41. Rf4 Re5 42. Rfd4 Kh6 43. Rd5 Rg5 44. Rxg5 fxg5 45. Rd5 Rf7 46.
Ne5 Rf2 47. Rxa5 Rh2 48. Nf7+ Kg7 49. Nxg5 Kf6 50. Ne4+ Kg7 51. h4 Kh6 52. Ra7
Rg2 53. Kd4 Rb2 54. Ng5 Rb7 55. Nf7+ Rxf7 56. Rxf7 g5 57. Rf6+ Kg7 58. hxg5
{Black resigns} 1-0

[Event "Team 45 45 League T44"]
[Site "Internet Chess Club"]
[Date "2010.03.29"]
[Round "8"]
[White "GoIrish"]
[Black "SacMan"]
[Result "0-1"]
[WhiteElo "1568"]
[BlackElo "1758"]
[Opening "Réti opening"]
[ECO "A04"]
[Time "21:00:08"]
[TimeControl "2700+45"]

1. Nf3 g6 2. g3 Bg7 3. Bg2 f5 4. d3 Nf6 5. O-O O-O 6. Bf4 d6 7. Nc3 e5 8. Bg5 h6
9. Bd2 Nc6 10. e4 Be6 11. Nh4 Kh7 12. f4 fxe4 13. Nxe4 exf4 14. gxf4 Nxe4 15.
Nxg6 Kxg6 16. Bxe4+ Kf6 17. Bc3+ Ke7 18. f5 Bxc3 19. bxc3 d5 20. fxe6 dxe4 21.
Qh5 Kxe6 22. Qxh6+ Rf6 23. Qh3+ Kd6 24. Qg3+ Ke6 25. Qg4+ Kf7 26. Rxf6+ Kxf6 27.
Rf1+ Ke7 28. Qg7+ Kd6 29. Qg6+ Kc5 30. Qxe4 Qg8+ 31. Kh1 Qxa2 32. d4+ Kb6 33. d5
Na5 34. Qb4+ Ka6 35. Rf6+ b6 36. Qe4 Qa1+ 37. Kg2 Rg8+ 38. Kf2 Qg1+ 39. Ke2 Rg2+
40. Kd3 Qd1+ 41. Ke3 Re2+ 42. Kf4 Rxe4+ 43. Kxe4 Qxc2+ 44. Ke5 Qxh2+ 45. Ke6
Qd6+ 46. Kf7 Qxd5+ 47. Ke7 Qc5+ 48. Kd7 Qxc3 49. Rf8 Qc6+ 50. Kc8 Qb7+ 51. Kd7
c5+ 52. Kd6 Qc6+ 53. Ke5 c4 54. Rf6 Qc5+ 55. Ke4 c3 56. Kd3 c2 57. Kd2 Nb3+ 58.
Ke2 c1=Q 59. Kd3 Q1e3# {White checkmated} 0-1

[Event "Team 45 45 League T44"]
[Site "Internet Chess Club"]
[Date "2010.03.28"]
[Round "8"]
[White "koni"]
[Black "Marichan"]
[Result "1-0"]
[WhiteElo "1980"]
[BlackElo "1925"]
[Opening "King's Indian: orthodox, Aronin-Taimanov, bayonet attack"]
[ECO "E97"]
[Time "12:01:41"]
[TimeControl "2700+45"]

1. Nf3 Nf6 2. c4 g6 3. Nc3 Bg7 4. e4 d6 5. d4 O-O 6. Be2 e5 7. O-O Nc6 8. d5 Ne7
9. b4 Nh5 10. Re1 Nf4 11. Bf1 a5 12. bxa5 Rxa5 13. Nd2 f5 14. a4 fxe4 15. Ndxe4
Nf5 16. Nb5 Bd7 17. g3 Bxb5 18. cxb5 Nh5 19. g4 Nd4 20. gxh5 Nf3+ 21. Kg2 Qh4
22. h3 Nxe1+ 23. Qxe1 Bf6 24. Nxf6+ Rxf6 25. Be3 Rxa4 26. Rxa4 Qxa4 27. h6 Qe4+
28. Kg1 Qxd5 29. Qc3 Qf7 30. Qa5 d5 31. Qa8+ Qf8 32. Qxb7 d4 33. Qd5+ Qf7 34.
Qd8+ Qf8 35. Qd5+ Qf7 36. Qa8+ Qf8 37. Qa2+ Kh8 38. Bg5 Rf5 39. h4 Qd6 40. Bc4
Rf8 41. Bd5 Qc5 42. Bf7 Qb6 43. Qd5 {Black resigns} 1-0

[Event "Team 45 45 League T44"]
[Site "Internet Chess Club"]
[Date "2010.03.26"]
[Round "8"]
[White "Nathan826"]
[Black "jofar"]
[Result "0-1"]
[WhiteElo "1654"]
[BlackElo "1860"]
[Opening "Sicilian: Najdorf, Opocensky variation"]
[ECO "B92"]
[Time "19:05:31"]
[TimeControl "2700+45"]

1. e4 c5 2. Nf3 d6 3. d4 cxd4 4. Nxd4 Nf6 5. Nc3 a6 6. Be2 e5 7. Nb3 Be7 8. O-O
O-O 9. Be3 Be6 10. f4 exf4 11. Bxf4 Nc6 12. Nd4 Qb6 13. Be3 Qxb2 14. Qd2 Nxd4
15. Bxd4 Qa3 16. Bb6 Rac8 17. Rf3 Qb4 18. Rb1 Nxe4 19. Qe1 Qxc3 20. Rxc3 Nxc3
21. Rc1 Bg5 22. Ra1 Bf6 23. Rc1 Rfe8 24. Bf3 Bd5 25. Qf2 Bxf3 26. Qxf3 Ne2+ 27.
Kf2 Nxc1 {White resigns} 0-1

[Event "Team 45 45 League T44"]
[Site "Internet Chess Club"]
[Date "2010.03.29"]
[Round "8"]
[White "chess92192"]
[Black "dpawn"]
[Result "1/2-1/2"]
[WhiteElo "2013"]
[BlackElo "1849"]
[Opening "QGD: Cambridge Springs defense, Capablanca variation"]
[ECO "D52"]
[Time "20:04:20"]
[TimeControl "2700+45"]

1. d4 d5 2. c4 c6 3. Nf3 Nf6 4. Nc3 e6 5. Bg5 Nbd7 6. e3 Qa5 7. Bxf6 Nxf6 8. Nd2
Bb4 9. Qc2 O-O 10. a3 Bxc3 11. Qxc3 Qxc3 12. bxc3 Re8 13. Bd3 e5 14. O-O Bg4 15.
f3 Bh5 16. Rab1 exd4 17. cxd4 Rxe3 18. Rb3 Rae8 19. c5 b5 20. cxb6 axb6 21. g4
Bg6 22. Bxg6 Rxb3 23. Bxh7+ Kxh7 24. Nxb3 Re3 25. Rb1 Rxf3 26. Kg2 Rd3 27. h3
Nd7 28. a4 Kg6 29. a5 bxa5 30. Nxa5 Rxd4 31. Nxc6 Rc4 32. Ne7+ Kg5 33. Nxd5 Rc2+
34. Kg3 Rd2 35. h4+ Kh6 36. g5+ Kh7 37. Nf4 Nc5 38. Re1 Nd3 39. Re7 Nxf4 40.
Kxf4 Rf2+ 41. Kg4 f6 42. Kh5 fxg5 43. hxg5 Rh2+ 44. Kg4 Kg6 45. Re6+ Kf7 46. Ra6
Rg2+ 47. Kf4 Rf2+ 48. Kg3 Rf5 49. Kg4 g6 50. Ra7+ Ke6 51. Rg7 Rf1 52. Rxg6+ Kf7
53. Ra6 Kg7 54. Ra8 Kg6 55. Ra6+ Kg7 56. Ra7+ Kg6 57. Ra6+ Kg7 58. Kh5 Rh1+ 59.
Kg4 Rf1 60. Ra3 Kg6 61. Ra6+ Kg7 {Game drawn by repetition} 1/2-1/2

[Event "Team 45 45 League T44"]
[Site "Internet Chess Club"]
[Date "2010.03.30"]
[Round "8"]
[White "OxidisedLizard"]
[Black "hewdondada"]
[Result "0-1"]
[WhiteElo "1783"]
[BlackElo "1842"]
[Opening "Scandinavian (center counter) defense"]
[ECO "B01"]
[Time "07:05:54"]
[TimeControl "2700+45"]

1. e4 d5 2. exd5 Qxd5 3. Nc3 Qa5 4. Rb1 c6 5. b4 Qc7 6. b5 Nf6 7. Nge2 e5 8. g3
Bc5 9. Bg2 Bd7 10. O-O O-O 11. d4 exd4 12. Nxd4 Bg4 13. Nf3 Nbd7 14. Bf4 Qa5 15.
Qd3 Rad8 16. Qc4 Be6 17. Qd3 Nb6 18. Qe2 Qxc3 19. Be5 Qc4 {White resigns} 0-1

[Event "Team 45 45 League T44"]
[Site "Internet Chess Club"]
[Date "2010.03.29"]
[Round "8"]
[White "mugurelt"]
[Black "tenor"]
[Result "1/2-1/2"]
[WhiteElo "1745"]
[BlackElo "1782"]
[Opening "King's Indian: fianchetto, Yugoslav, 7.O-O"]
[ECO "E65"]
[Time "17:04:23"]
[TimeControl "2700+45"]

1. c4 Nf6 2. Nc3 d6 3. d4 g6 4. Nf3 Bg7 5. g3 O-O 6. Bg2 c5 7. O-O e6 8. Qc2 a6
9. Rd1 Qc7 10. dxc5 Qxc5 11. Be3 Qxc4 12. Rxd6 Nd5 13. Rc1 Nxe3 14. fxe3 Nc6 15.
Qd2 Qg4 16. Nd1 e5 17. Nf2 Qb4 18. Qxb4 Nxb4 19. a4 h6 20. Nd2 Rb8 21. Rb6 Rd8
22. Nde4 Nd5 23. Rd6 Be6 24. Rxd8+ Rxd8 25. Nc5 Rc8 26. Nfd3 b6 27. Nxe6 Rxc1+
28. Nxc1 fxe6 29. Kf2 Kf7 30. Nd3 h5 31. e4 Ne7 32. e3 Nc6 33. Bf1 Kf6 34. b3 a5
35. Be2 Bf8 36. Bd1 Nb4 37. Nxb4 Bxb4 38. g4 {Game drawn by mutual agreement}
1/2-1/2

[Event "Team 45 45 League T44"]
[Site "Internet Chess Club"]
[Date "2010.03.28"]
[Round "8"]
[White "QueensCounselor"]
[Black "TerryMalloy"]
[Result "1/2-1/2"]
[WhiteElo "2083"]
[BlackElo "2073"]
[Opening "Benkö gambit: main line"]
[ECO "A58"]
[Time "10:00:10"]
[TimeControl "2700+45"]

1. d4 Nf6 2. c4 c5 3. d5 b5 4. cxb5 a6 5. bxa6 g6 6. Nc3 Bxa6 7. e4 Bxf1 8. Kxf1
d6 9. g3 Bg7 10. Kg2 O-O 11. Nf3 Nbd7 12. Re1 Ra6 13. Qc2 Qa8 14. a4 Rb8 15. b3
e6 16. dxe6 fxe6 17. Bb2 d5 18. Nb5 dxe4 19. Ne5 Nxe5 20. Bxe5 e3+ 21. f3 Rc8
22. Rad1 Nd5 23. Bxg7 Kxg7 24. Nc3 Qb7 25. Nxd5 exd5 26. Rxe3 d4 27. Re5 Rf6 28.
Qd3 c4 29. bxc4 Rxc4 30. Re7+ Qxe7 31. Qxc4 Qe3 32. Qd3 Rxf3 33. Qxe3 Rxe3 34.
Rxd4 Ra3 35. Rd7+ Kf6 36. Ra7 Ra2+ 37. Kh3 h5 38. Ra6+ Kf5 39. Ra5+ Kf6 40. Ra6+
Kf5 41. Ra5+ Kf6 42. Ra6+ {Game drawn by repetition} 1/2-1/2

[Event "Team 45 45 League T44"]
[Site "Internet Chess Club"]
[Date "2010.03.29"]
[Round "8"]
[White "alexdb"]
[Black "upsan"]
[Result "0-1"]
[WhiteElo "1958"]
[BlackElo "1873"]
[Opening "French: King's Indian attack"]
[ECO "C00"]
[Time "21:01:49"]
[TimeControl "2700+45"]

1. e4 e6 2. d3 d5 3. Nd2 Nf6 4. Ngf3 b6 5. g3 dxe4 6. dxe4 Bb7 7. Bd3 Be7 8. Qe2
Nbd7 9. Nb3 O-O 10. O-O a5 11. a4 h6 12. Rd1 Qc8 13. h4 Rd8 14. Bf4 Bd6 15. Bd2
c5 16. Be1 c4 17. Bxc4 Nxe4 18. Nbd4 Bc5 19. Kh2 Qc7 20. c3 Ndf6 21. Bd3 Bxd4
22. Nxd4 e5 23. Nf5 Nd6 24. Ne3 Qc6 25. Qf1 Rac8 26. Be2 Nde4 27. Nf5 Qe6 28.
Rxd8+ Rxd8 29. Ne3 Qb3 30. Nc4 Ba6 31. f3 Bxc4 32. Bxc4 Qxb2+ 33. Kh3 Qxa1 34.
fxe4 Rd1 {White resigns} 0-1

[Event "Team 45 45 League T44"]
[Site "Internet Chess Club"]
[Date "2010.03.29"]
[Round "8"]
[White "qs16"]
[Black "talfischerman"]
[Result "1/2-1/2"]
[WhiteElo "1751"]
[BlackElo "1628"]
[Opening "Queen's pawn game"]
[ECO "D00"]
[Time "04:26:56"]
[TimeControl "2700+45"]

1. d4 d5 2. e3 g6 3. Bd3 Bg7 4. Nd2 Nf6 5. f4 Bf5 6. Bxf5 gxf5 7. Ngf3 Nbd7 8.
c4 c6 9. cxd5 cxd5 10. b3 Rc8 11. Bb2 Qa5 12. O-O O-O 13. Ne5 Rc7 14. a4 Rfc8
15. Rc1 Rxc1 16. Bxc1 Qc3 17. Ndf3 Nxe5 18. Nxe5 Ne4 19. Nf3 Qc2 20. Ba3 e6 21.
Qxc2 Rxc2 22. Rc1 Rxc1+ 23. Bxc1 Bf8 24. Ne5 f6 25. Nf3 Bb4 26. Kf1 Kf7 27. Ke2
Nc3+ 28. Kd3 Nd1 29. Bd2 Be7 30. Kc2 Nf2 31. b4 Ne4 32. Be1 Nd6 33. Nd2 Ke8 34.
Kb3 Nf7 35. Nf3 Kd7 36. b5 Nh6 37. h3 Nf7 38. Bb4 Bxb4 39. Kxb4 Nd6 40. Nd2 b6
41. a5 Nb7 42. a6 Nd6 43. g4 fxg4 44. hxg4 Ke7 {Game drawn by mutual agreement}
1/2-1/2

[Event "Team 45 45 League T44"]
[Site "Internet Chess Club"]
[Date "2010.03.27"]
[Round "8"]
[White "KnightofMercy"]
[Black "oldsj"]
[Result "1-0"]
[WhiteElo "1703"]
[BlackElo "1595"]
[Opening "English, 1...Nf6 (Anglo-Indian defense)"]
[ECO "A15"]
[Time "09:22:09"]
[TimeControl "2700+45"]

1. c4 Nf6 2. g3 g6 3. Bg2 Bg7 4. Nc3 d6 5. e4 e5 6. Nge2 O-O 7. O-O Be6 8. d3
Qd7 9. Bg5 Nh5 10. Nd5 f6 11. Bh4 g5 12. Nec3 gxh4 13. Qxh5 h3 14. Bf3 f5 15.
Rfe1 c6 16. Ne3 Rf6 17. exf5 Bxf5 18. Be4 Bxe4 19. Nxe4 Rh6 20. Qxh6 Bxh6 21.
Nf6+ Kf7 22. Nxd7 Nxd7 23. Nf5 Bf8 24. Re4 Kg6 25. Nh4+ Kh5 26. Nf3 Be7 27. d4
Rf8 28. Re3 Bf6 29. dxe5 Nxe5 30. Nxe5 Bxe5 31. Kf1 Bxb2 32. Rd1 Be5 33. f4 c5
34. Ke2 Bd4 35. Re7 Kg4 36. Rf1 h5 37. Rxb7 Re8+ 38. Kd1 a5 39. Rb6 Re6 40. Rb8
Rg6 41. f5 Rg5 42. Rf4# {Black checkmated} 1-0

[Event "Team 45 45 League T44"]
[Site "Internet Chess Club"]
[Date "2010.03.29"]
[Round "8"]
[White "theophilus"]
[Black "DTK"]
[Result "1/2-1/2"]
[WhiteElo "2160"]
[BlackElo "2171"]
[Opening "Benkö gambit: Nescafé Frappé attack"]
[ECO "A57"]
[Time "14:06:09"]
[TimeControl "2700+45"]

1. d4 Nf6 2. c4 c5 3. d5 b5 4. cxb5 a6 5. Nc3 axb5 6. e4 b4 7. Nb5 d6 8. Bc4
Nbd7 9. Nf3 Nb6 10. Bd3 g6 11. b3 Bg7 12. Bb2 O-O 13. O-O Ba6 14. Qe2 Qd7 15. a4
bxa3 16. Rxa3 Nfxd5 17. exd5 Bxb2 18. Rxa6 Rxa6 19. Qxb2 Ra5 20. Nc3 Qb7 21. Qd2
Rfa8 22. h3 Nd7 23. Bc4 Kg7 24. Qe3 Nf6 25. Re1 R8a7 26. Nd2 Qb4 27. Kh2 Ra1 28.
Rxa1 Rxa1 29. Nde4 Nxe4 30. Nxe4 Re1 31. Qf3 h6 32. Nc3 Qa3 33. Ne2 Qa1 34. Qc3+
Qxc3 35. Nxc3 Kf6 36. Kg3 Kf5 37. Kf3 Ke5 38. Nb5 e6 39. Nc7 Kf6 40. h4 Ke7 41.
Nb5 Re5 42. Nc3 Re1 {Game drawn by mutual agreement} 1/2-1/2

[Event "Team 45 45 League T44"]
[Site "Internet Chess Club"]
[Date "2010.03.28"]
[Round "8"]
[White "bgolev"]
[Black "BadHabitMarco"]
[Result "0-1"]
[WhiteElo "1854"]
[BlackElo "1889"]
[Opening "QGD semi-Slav: Meran, 8...a6"]
[ECO "D48"]
[Time "11:00:15"]
[TimeControl "2700+45"]

1. d4 d5 2. c4 c6 3. Nc3 Nf6 4. Nf3 e6 5. e3 Nbd7 6. Bd3 dxc4 7. Bxc4 b5 8. Bd3
a6 9. O-O Bb7 10. b3 Be7 11. Bb2 O-O 12. Rc1 c5 13. dxc5 Nxc5 14. Bb1 Qxd1 15.
Rfxd1 Rfd8 16. b4 Nce4 17. Nxe4 Nxe4 18. a3 Rxd1+ 19. Rxd1 Rd8 20. Rxd8+ Bxd8
21. Kf1 Nd6 22. Nd2 Bd5 23. e4 Nc4 24. Nxc4 Bxc4+ 25. Ke1 Kf8 26. Bd4 Bc7 27. e5
Ke7 28. Be4 Bd5 29. Bxd5 exd5 30. f4 Ke6 31. Ke2 g5 32. g3 gxf4 33. gxf4 Kf5 34.
Kf3 Bd8 35. Bf2 f6 36. Bd4 fxe5 37. Bxe5 Bb6 38. Ke2 Ke4 39. Bd6 Bd4 40. Bc5 Bb2
41. Be3 Bxa3 42. Bd2 Bb2 43. f5 Kxf5 44. Kd3 Be5 45. h3 h5 46. Be3 Bc7 47. Bd2
Bf4 48. Be1 Be5 49. Bd2 Bf6 50. Be1 Kf4 51. h4 Kg4 52. Bf2 Bxh4 53. Bxh4 Kxh4
54. Kd4 Kg4 55. Kxd5 h4 56. Kc6 h3 57. Kb6 h2 58. Kxa6 h1=Q 59. Kxb5 Qb7+ {White
resigns} 0-1

[Event "Team 45 45 League T44"]
[Site "Internet Chess Club"]
[Date "2010.03.27"]
[Round "8"]
[White "koni"]
[Black "bobhill"]
[Result "0-1"]
[WhiteElo "1965"]
[BlackElo "2068"]
[Opening "Réti opening"]
[ECO "A30"]
[Time "09:00:48"]
[TimeControl "2700+45"]

1. Nf3 c5 2. c4 Nc6 3. d4 cxd4 4. Nxd4 Nf6 5. g3 g6 6. Bg2 Bg7 7. O-O O-O 8. Nc3
Qb6 9. Nc2 d6 10. Rb1 Be6 11. b3 Qa5 12. b4 Qh5 13. b5 Na5 14. Nd5 Bxd5 15. cxd5
Rac8 16. Be3 b6 17. Nb4 Ng4 18. h4 Nxe3 19. fxe3 Qe5 20. Rf3 Rc3 21. Rc1 Rxe3
22. Rxe3 Qxe3+ 23. Kh2 Be5 24. Bf3 Qf2+ 25. Kh1 Qxg3 26. Qg1 Qh3+ 27. Qh2 Qxh2#
{White checkmated} 0-1

[Event "Team 45 45 League T44"]
[Site "Internet Chess Club"]
[Date "2010.03.28"]
[Round "8"]
[White "room-matt"]
[Black "poni"]
[Result "1/2-1/2"]
[WhiteElo "1752"]
[BlackElo "1962"]
[Opening "Robatsch (modern) defense"]
[ECO "A00"]
[Time "13:01:42"]
[TimeControl "2700+45"]

1. Nc3 d6 2. d4 g6 3. e4 Bg7 4. Bc4 Nf6 5. Nge2 Nxe4 6. Bxf7+ Kxf7 7. Nxe4 Rf8
8. c3 Kg8 9. d5 e5 10. Bg5 Qe8 11. N2g3 Nd7 12. Qc2 Nf6 13. c4 Qf7 14. Rd1 Bg4
15. f3 Bd7 16. O-O h6 17. Nxf6+ Bxf6 18. Bxh6 Rfe8 19. Qd2 Qh7 20. Bg5 Bxg5 21.
Qxg5 Rf8 22. Ne4 Qg7 23. h4 Rf5 24. Qe3 Raf8 25. g3 b6 26. Rf2 Bc8 27. b4 a6 28.
Kg2 Qd7 29. Qb3 Qf7 30. Ng5 Qf6 31. Qd3 Kg7 32. Re1 Rh8 33. Rh1 Qe7 34. Qe3 Qf6
35. Qe4 Rf8 36. Rhf1 {Game drawn by mutual agreement} 1/2-1/2

[Event "Team 45 45 League T44"]
[Site "Internet Chess Club"]
[Date "2010.03.27"]
[Round "8"]
[White "Paulkov"]
[Black "Colombiano07"]
[Result "1-0"]
[WhiteElo "2184"]
[BlackElo "2110"]
[Opening "French defense"]
[ECO "C11"]
[Time "12:01:40"]
[TimeControl "2700+45"]

1. e4 e6 2. d4 d5 3. Nc3 Nf6 4. exd5 exd5 5. Nf3 Bf5 6. Bd3 Bxd3 7. Qxd3 Be7 8.
O-O O-O 9. Re1 Nbd7 10. h3 Re8 11. Bf4 Nf8 12. Nb5 Bd6 13. Nxd6 cxd6 14. Qb5 Ne6
15. Bg3 Qc7 16. Bh4 a6 17. Qb3 Nf4 18. Bxf6 gxf6 19. Nh4 Ne2+ 20. Kh2 Nxd4 21.
Qg3+ Kh8 22. Qf4 Ne6 23. Qxf6+ Kg8 24. Nf5 d4 25. Rxe6 d5+ 26. g3 fxe6 27. Nh6#
{Black checkmated} 1-0

[Event "Team 45 45 League T44"]
[Site "Internet Chess Club"]
[Date "2010.03.27"]
[Round "8"]
[White "Majamutu"]
[Black "chsrules88"]
[Result "1-0"]
[WhiteElo "2042"]
[BlackElo "2001"]
[Opening "Scotch: Blumenfeld attack"]
[ECO "C45"]
[Time "13:02:37"]
[TimeControl "2700+45"]

1. e4 e5 2. Nf3 Nc6 3. d4 exd4 4. Nxd4 Bc5 5. Be3 Qf6 6. Nb5 Bxe3 7. fxe3 Qh4+
8. g3 Qxe4 9. Nxc7+ Kd8 10. Nxa8 Qxh1 11. Qd6 Nf6 12. Nd2 Qxh2 13. O-O-O Ne8 14.
Qf4 Qh6 15. Qxf7 Qxe3 16. Kb1 Qxg3 17. Ne4 Qg6 18. Qf4 Qh5 19. Nc3 Qe5 20. Qa4
d6 21. Bg2 Qc5 22. Bxc6 bxc6 23. Ne4 Qh5 24. Rc1 Qf7 25. Qxc6 Bb7 26. Nxd6 Nxd6
27. Qxd6+ Qd7 28. Qb8+ Bc8 29. c4 Re8 30. c5 Re6 31. Qb3 Bb7 32. Rd1 Bxa8 33.
Rxd7+ Kxd7 34. Qb8 Be4+ 35. Kc1 g5 36. Qxa7+ Kc6 37. Qb6+ Kd5 38. Qd8+ Kxc5 39.
Qxg5+ Kd4 40. Kd2 Rc6 41. Qg7+ Kd5 42. Ke3 Bg6 43. Qd4+ Ke6 44. a4 Rd6 45. Qc4+
Kd7 46. Qb5+ Kc7 47. Qc5+ Rc6 48. Qe5+ Kb7 49. b4 Rc8 50. Qd5+ Kb8 51. b5 Rc3+
52. Kf4 Rd3 53. Qe5+ Kb7 54. a5 Rd7 55. Qc5 Be8 56. a6+ Kb8 57. Qe5+ Ka7 58.
Qxe8 Rd5 59. Qe7+ Kb6 60. Qb7+ Ka5 61. Qxd5 h5 62. a7 h4 63. a8=Q+ Kb4 64. Qf8+
Ka5 65. b6+ Ka6 66. Qfa8+ Kxb6 67. Qdc6# {Black checkmated} 1-0

[Event "Team 45 45 League T44"]
[Site "Internet Chess Club"]
[Date "2010.03.28"]
[Round "8"]
[White "charles-allen"]
[Black "CaoCao"]
[Result "0-1"]
[WhiteElo "1896"]
[BlackElo "1965"]
[Opening "Four knights: Scotch, 4...exd4"]
[ECO "C47"]
[Time "10:26:08"]
[TimeControl "2700+45"]

1. e4 e5 2. Nc3 Nc6 3. Nf3 Nf6 4. d4 exd4 5. Nxd4 Bc5 6. Be3 Bb6 7. Qd2 O-O 8.
O-O-O Re8 9. f3 d6 10. g4 Nxd4 11. Bxd4 Bxd4 12. Qxd4 Nd7 13. f4 Nb6 14. g5 Bg4
15. Rd3 Be6 16. Rg3 c5 17. Qf2 f5 18. gxf6 Qxf6 19. Rhg1 Re7 20. f5 Bc4 21.
Bxc4+ Nxc4 22. Qg2 Rd8 23. b3 Nb6 24. h4 d5 25. Nxd5 Nxd5 26. exd5 Qa1+ 27. Kd2
Qe5 28. c4 Qb2+ 29. Kd1 Qb1+ 30. Kd2 Qb2+ 31. Kd3 Qd4+ 32. Kc2 Rde8 33. Kb1 Re1+
34. Rxe1 Rxe1+ 35. Kc2 Ra1 36. Rxg7+ Qxg7 37. Qxg7+ Kxg7 38. d6 Rxa2+ 39. Kc3
Ra6 {White resigns} 0-1

[Event "Team 45 45 League T44"]
[Site "Internet Chess Club"]
[Date "2010.03.29"]
[Round "8"]
[White "primerpaso"]
[Black "Constrictor"]
[Result "1-0"]
[WhiteElo "1926"]
[BlackElo "1777"]
[Opening "English: Anglo-Dutch defense"]
[ECO "A10"]
[Time "20:00:15"]
[TimeControl "2700+45"]

1. c4 f5 2. Nc3 Nf6 3. g3 e6 4. Bg2 Nc6 5. d4 Bb4 6. Nf3 O-O 7. O-O d6 8. Qd3
Bxc3 9. bxc3 e5 10. Nd2 e4 11. Qc2 Qe8 12. f3 e3 13. Nb3 g5 14. f4 Qh5 15. fxg5
Qxg5 16. Rf3 Re8 17. Qd3 Ng4 18. h3 Nf2 19. Bxe3 Nxd3 20. Bxg5 Nb2 21. Rf2 Nxc4
22. Bd5+ Be6 23. Bxe6+ Rxe6 24. d5 Rg6 25. Rxf5 N6e5 26. Raf1 Ne3 27. Bxe3 Rxg3+
28. Kf2 Rxh3 29. Rg1+ Kh8 30. Bd4 h6 31. Rg3 Rh2+ 32. Rg2 Rh4 33. Bxe5+ dxe5 34.
Rxe5 Rf8+ 35. Ke1 Rh1+ 36. Kd2 Rff1 37. Re8+ Kh7 38. c4 Rf4 39. Re7+ Kh8 40.
Rxc7 h5 41. d6 {Black resigns} 1-0

[Event "Team 45 45 League T44"]
[Site "Internet Chess Club"]
[Date "2010.03.27"]
[Round "8"]
[White "Matusalen"]
[Black "GreatPelle"]
[Result "0-1"]
[WhiteElo "2003"]
[BlackElo "2022"]
[Opening "Réti: Lisitsin gambit deferred"]
[ECO "A04"]
[Time "15:00:37"]
[TimeControl "2700+45"]

1. Nf3 f5 2. d3 Nf6 3. e4 d6 4. exf5 Bxf5 5. d4 Nc6 6. Bb5 a6 7. Bxc6+ bxc6 8.
O-O g6 9. Re1 Bg7 10. Qe2 Qd7 11. c4 h6 12. Nc3 Kf7 13. h3 Rae8 14. Nh4 g5 15.
Nxf5 Qxf5 16. g4 Qd7 17. d5 e5 18. dxe6+ Rxe6 19. Qxe6+ Qxe6 20. Rxe6 Kxe6 21.
Bd2 Nd7 22. Re1+ Ne5 23. b3 Rf8 24. Kg2 Kd7 25. Re3 Ng6 26. Ne2 Be5 27. Rd3 c5
28. Be3 Kc6 29. Kf1 Rf3 30. Ng1 Rf8 31. Ne2 a5 32. Bd2 a4 33. bxa4 Ra8 34. a5
Bg7 35. Re3 Bd4 36. Re6 Ne5 37. Rxh6 Nxc4 38. Bxg5 Rxa5 39. Nc1 Ne5 40. Bd2 Ra3
41. Ke2 Nf3 42. g5 Nxd2 43. Kxd2 Bxf2 44. Kc2 Rg3 45. h4 c4 46. Ne2 Rg4 47. Rh8
Bxh4 48. g6 Bf6 49. Rg8 d5 50. Rf8 Rxg6 51. Nf4 Rh6 52. a4 Be5 53. Rf5 Rh2+ 54.
Kd1 Bxf4 55. Rxf4 Kc5 56. a5 Ra2 57. a6 Rxa6 58. Kc2 d4 59. Rf7 c6 60. Rf5+ Kb4
61. Rf4 d3+ 62. Kb2 c5 63. Rg4 Rh6 64. Rf4 Rh2+ 65. Kc1 Kc3 66. Rf1 Rh3 67. Kd1
Kb3 68. Rf7 c3 69. Rb7+ Kc4 70. Ke1 Rh1+ 71. Kf2 c2 {White resigns} 0-1

[Event "Team 45 45 League T44"]
[Site "Internet Chess Club"]
[Date "2010.03.27"]
[Round "8"]
[White "Darkwizard1"]
[Black "Chatica"]
[Result "0-1"]
[WhiteElo "1935"]
[BlackElo "1976"]
[Opening "Alekhine's defense: modern, Larsen variation"]
[ECO "B04"]
[Time "22:01:38"]
[TimeControl "2700+45"]

1. e4 Nf6 2. e5 Nd5 3. d4 d6 4. Nf3 dxe5 5. Nxe5 g6 6. Bc4 c6 7. Nc3 Bg7 8. Qf3
Be6 9. O-O O-O 10. Ne4 Nc7 11. Bxe6 Nxe6 12. c3 Nd7 13. Nd3 Qc7 14. Bd2 f5 15.
Ng3 Nd8 16. Rae1 e5 17. dxe5 Nxe5 18. Nxe5 Bxe5 19. Bh6 Bg7 20. Bf4 Qd7 21. Rd1
Qf7 22. b3 Ne6 23. Bc1 Rfd8 24. h3 Qf6 25. Ne2 Ng5 26. Bxg5 Qxg5 27. Nf4 Qf6 28.
c4 Rxd1 29. Rxd1 Rd8 30. g3 Bh6 31. Rxd8+ Qxd8 32. Nd3 Qe7 33. g4 fxg4 34. Qxg4
Qg5 35. Kg2 Qxg4+ 36. hxg4 Kf7 37. Kf3 Bf8 38. Ke4 Kf6 39. Nf4 Bd6 40. Nh3 h6
41. g5+ hxg5 42. f3 Bc5 43. b4 Bxb4 44. Nf2 b5 45. Nd3 Bc3 46. cxb5 cxb5 47. Nc5
a5 48. Ke3 Kf5 49. Ne4 Be5 50. Nf2 Bc7 51. Ke2 Bb6 52. Ne4 Bc7 53. Nc3 b4 54.
Nd5 Bf4 55. Ne7+ Kf6 56. Nc6 Bc7 57. Nd4 Bb6 58. Nb5 Ke5 59. Kd3 Kf4 {White
resigns} 0-1

[Event "Team 45 45 League T44"]
[Site "Internet Chess Club"]
[Date "2010.03.27"]
[Round "8"]
[White "MisticKnights"]
[Black "kidviper"]
[Result "1/2-1/2"]
[WhiteElo "1901"]
[BlackElo "1872"]
[Opening "Queen's Indian: old main line, 7.Nc3"]
[ECO "E18"]
[Time "14:00:36"]
[TimeControl "2700+45"]

1. c4 b6 2. Nc3 Nf6 3. Nf3 e6 4. g3 Bb7 5. Bg2 Be7 6. O-O O-O 7. d4 d5 8. Qb3 c5
9. dxc5 dxc4 10. Qxc4 Bxc5 11. Bg5 Nbd7 12. Rfd1 Qe7 13. Na4 Bd5 14. Qh4 h6 15.
Bxf6 Nxf6 16. Nxc5 Qxc5 17. Qd4 Rac8 18. b4 Qc4 19. e3 Rfd8 20. Ne5 Qxd4 21.
Rxd4 Bxg2 22. Rxd8+ Rxd8 23. Kxg2 Nd5 24. Nc6 Rd7 25. Kf3 Rc7 26. b5 a6 27. a4
axb5 28. axb5 Nc3 29. Ra8+ Kh7 30. Rb8 Nxb5 31. Rxb6 Na7 32. Nb4 Nc8 33. Rc6 Rb7
34. Na6 Ne7 35. Rc7 Rxc7 36. Nxc7 Kg6 37. Ke4 Nc6 38. f4 f5+ 39. Kf3 Kf7 40. e4
fxe4+ 41. Kxe4 g6 42. g4 Kf6 43. h4 g5 44. fxg5+ hxg5 45. h5 Kf7 46. Nb5 Kf6 47.
Nd4 Ne5 48. h6 Nxg4 49. h7 Kg7 50. Nxe6+ Kxh7 51. Nxg5+ {Game drawn because
neither player has mating material} 1/2-1/2